 Dungeon Crawl Stone Soup version 0.31.0-32-g396128a36d (webtiles) character file.

Game seed: 7233016700555388059

25 hawla the Firebug (level 2, 0/15 HPs)
             Began as a Deep Elf Fire Elementalist on Apr 18, 2024.
             Slain by an adder (4 damage)
             ... on level 2 of the Dungeon.
             The game lasted 00:01:33 (679 turns).

hawla the Firebug (Deep Elf Fire Elementalist)       Turns: 679, Time: 00:01:33

Health: 0/15       AC:  2    Str:  5    XL:     2   Next: 82%
Magic:  8/8        EV: 12    Int: 19    God:
Gold:   65         SH:  0    Dex: 15    Spells: 4/7 levels left

rFire   . . .        e - staff of cold
rCold   + . .        (no shield)
rNeg    . . .        a - +0 robe
rPois   .            (no helmet)
rElec   .            (no cloak)
rCorr   .            (no gloves)
SInv    .            (no boots)
Will    .....        (no amulet)
Stlth   ++           (no ring)
HPRegen 0.22/turn    (no ring)
MPRegen 0.11/turn

%: no passive effects
@: lethally poisoned (0 -> -7)
A: no striking features
a: no special abilities


You were on level 2 of the Dungeon.
You visited 1 branch of the dungeon, and saw 2 of its levels.

You collected 65 gold pieces.

Inventory:

Armour
 a - a +0 robe (worn)
Magical Staves
 e - a staff of cold (weapon)
Potions
 c - 2 potions of curing {unknown}
 d - a potion of attraction {unknown}


   Skills:
 - Level 2.4 Dodging
 - Level 2.4 Stealth
 - Level 3.0 Spellcasting
 - Level 1.1 Conjurations
 + Level 4.5 Fire Magic


You had 4 spell levels left.
You knew the following spells:

 Your Spells              Type           Power      Damage    Failure   Level
a - Foxfire               Conj/Fire      52%        2x1d6     4%          1
b - Scorch                Fire           40%        2d6       3%          2

Your spell library contained the following spells:

 Spells                   Type           Power      Damage    Failure   Level
 Sting                    Conj/Alch      16%        1d4       12%         1
 Inner Flame              Hex/Fire       11%        N/A       19%         3
 Volatile Blastmotes      Fire/Tloc      22%        2d11      19%         3
 Mercury Vapours          Alch/Air       4%         N/A       22%         2
 Flame Wave               Conj/Fire      13%        2d6       43%         4
 Olgreb's Toxic Radiance  Alch           2%         N/A       83%         4


Dungeon Overview and Level Annotations

Branches:
Dungeon (2/15)

Altars:


Message History

Casting: Scorch (safe; 3% risk of failure)
Confirm with . or Enter, or press ? or * to list all spells.
You conjure some foxfire!
A bat comes into view.
The foxfire hits the jackal.
The jackal is almost dead.
Casting: Foxfire (safe; 4% risk of failure)
Confirm with . or Enter, or press ? or * to list all spells.
Flames lash the jackal.
You kill the jackal!
You hear an angry hiss.
The foxfire hits the frilled lizard.
The frilled lizard is heavily wounded.
The adder bites you but does no damage.
An adder comes into view.
The adder closely misses you.
Sorry, you're not good enough to have a special ability.
Casting: Scorch (safe; 3% risk of failure)
Confirm with . or Enter, or press ? or * to list all spells.
You don't know that spell.
Sorry, you're not good enough to have a special ability.
Unknown command.
Casting: Scorch (safe; 3% risk of failure)
Confirm with . or Enter, or press ? or * to list all spells.
You conjure some foxfire!
The jackal closely misses you. The adder bites you.
You are poisoned.
The adder poisons you! The adder misses you.
The frilled lizard bites you but does no damage.
You miss the adder.
You feel sick.
The foxfire hits the frilled lizard.
You kill the frilled lizard!
The foxfire hits the adder.
The adder is moderately wounded.
The bat closely misses you. The jackal bites you. The adder bites you.
You are lethally poisoned!
The adder poisons you! The adder barely misses you. The jackal bites you.
Magic courses through your body.
* * * LOW HITPOINT WARNING * * *
You feel very sick. The bat closely misses you. The adder bites you.
You die...

..........#
∩..8.....∩#
...........
(......S..###
∩..∩.....♣..
...!......#
......hSb.#
8..∩.BS@.∩#
########§##
#.#########
#..<.......
##.#######.
###


You could see 3 adders, a jackal, a giant cockroach and a bat.

Vanquished Creatures
  A dart slug (D:1)
  2 ball pythons (D:1)
  2 bats (D:1)
  3 endoplasms
  2 hobgoblins (D:1)
  2 jackals (D:2)
  A frilled lizard (D:2)
  4 goblins (D:1)
  A kobold (D:1)
  3 rats (D:1)
21 creatures vanquished.

Vanquished Creatures (others)
  55 foxfires
55 creatures vanquished.

Grand Total: 76 creatures vanquished

Notes
Turn   | Place    | Note
-------+----------+-------------------------------------------
     0 | D:1      | hawla the Deep Elf Fire Elementalist began the quest for
                  | the Orb.
     0 | D:1      | Reached XP level 1. HP: 10/10 MP: 6/6
   270 | D:1      | Reached skill level 4 in Fire Magic
   270 | D:1      | Reached XP level 2. HP: 14/15 MP: 5/8
   455 | D:1      | Learned a level 2 spell: Scorch
   679 | D:2      | Slain by an adder

Illustrated notes

Levels and vault maps discovered:
D:1:      minmay_arrival_up_and_down, layout_rooms, nicolae_figureground_sparkle
D:2:      layout_rooms, basic_altar, hellmonk_ecumenical_altar_arch_garden,
          uniq_crazy_yiuf_cottage

Skill      XL: |  1 |
---------------+----+-----
Fire Magic     | 4 |  4.5
Dodging        | |  2.4
Stealth        | |  2.4
Spellcasting   | |  3.0
Conjurations   | |  1.1

Action                     || total
---------------------------++-------
  Melee: Unarmed           ||     1
         Staff             ||     1
   Cast: Foxfire           ||    33
         Scorch            ||     3
    Use: Potion            ||     1
 Armour: Robe              ||     9
  Dodge: Dodged            ||     8
